 Dungeon Crawl Stone Soup version 0.27-a0-998-g4cfe56dd59 (webtiles) character file.

Game seed: 15242211224111196583

20 siradein the Conjurer (level 2, -2/20 HPs)
             Began as a Draconian Conjurer on Apr 16, 2021.
             Slain by Terence
             ... wielding a +0 short sword
              (5 damage)
             ... on level 2 of the Dungeon.
             The game lasted 00:02:56 (1322 turns).

siradein the Conjurer (Draconian Conjurer)          Turns: 1322, Time: 00:02:56

Health: -2/20      AC:  4    Str:  9    XL:     2   Next: 58%
Magic:  0/5        EV: 12    Int: 18    God:
Gold:   80         SH:  5    Dex:  9    Spells: 5/6 levels left

rFire    . . .     SeeInvis .   (no weapon)
rCold    . . .     Faith    .   (no shield)
rNeg     . . .     Spirit   .   (armour unavailable)
rPois    .         Reflect  +   (helmet restricted)
rElec    .         Harm     .   (no cloak)
rCorr    .         Rampage  .   (no gloves)
Will     .....                  (no boots)
Stlth    ++........             a - amulet of reflection
HPRegen  0.06/turn              (no ring)
MPRegen  0.09/turn              (no ring)

@: no status effects
A: AC +4, unfitting armour, cold-blooded
a: no special abilities


You were on level 2 of the Dungeon.
You visited 1 branch of the dungeon, and saw 2 of its levels.

You collected 80 gold pieces.

Inventory:

Missiles
 b - a throwing net
Jewellery
 a - an amulet of reflection (around neck)
Scrolls
 c - a scroll of fear {unknown}
 d - 3 scrolls of identify {unknown}
 f - a scroll of blinking {unknown}
 g - 2 scrolls of silence {unknown}
 h - a scroll of enchant weapon {unknown}
 i - a scroll of holy word {unknown}
Potions
 e - a potion of might


   Skills:
 - Level 1.7 Dodging
 - Level 1.7 Stealth
 + Level 2.5 Spellcasting
 + Level 4.4 Conjurations


You had 5 spell levels left.
You knew the following spells:

 Your Spells              Type           Power      Damage    Failure   Level
a - Magic Dart            Conj           72%        1d6       2%          1

Your spell library contained the following spells:

 Spells                   Type           Power      Damage    Failure   Level
 Searing Ray              Conj           36%        3d4       4%          2
 Dazzling Flash           Conj/Hex       20%        N/A       21%         3
 Fulminant Prism          Conj/Hex       5%         3d7       56%         4
 Iskenderun's Mystic Bla  Conj/Tloc      10%        2d4       56%         4


Dungeon Overview and Level Annotations

Branches:
Dungeon (2/15)

Altars:

Annotations:
D:2 Terence


Innate Abilities, Weirdness & Mutations

Your plain brown scales are hard. (AC +4)
You cannot fit into any form of body armour.
You are cold-blooded and may be slowed by cold attacks.


Message History

You feel less wooden. You block Terence's attack.
Terence bares his teeth.
Terence screams, "I want your blood!"
Terence no longer looks unusually strong.
Terence shouts, "DIE!!!"
Terence looks scornfully at you.
Terence says, "Don't bother to defend, it's useless."
Terence says, "Time to say good-bye..."
Aiming: Magic Dart (safe; 2% risk of failure)
Press: ? - help, Q - select action, (/) - cycle Shift-Dir - straight line, f/p - Terence
Aim: Terence, wielding a +0 short sword and wearing a +0 chain mail (100% to hit)
The magic dart hits Terence but does no damage.
You block Terence's attack.
Aiming: Magic Dart (safe; 2% risk of failure)
Press: ? - help, Q - select action, (/) - cycle Shift-Dir - straight line, f/p - Terence
Aim: Terence, wielding a +0 short sword and wearing a +0 chain mail (100% to hit)
The magic dart hits Terence.
Terence is lightly wounded.
Terence closely misses you.
Aiming: Magic Dart (safe; 2% risk of failure)
Press: ? - help, Q - select action, (/) - cycle Shift-Dir - straight line, f/p - Terence
Aim: Terence, wielding a +0 short sword and wearing a +0 chain mail (lightly wounded, 100% to hit)
The magic dart hits Terence.
Terence is lightly wounded.
You block Terence's attack.
Aiming: Magic Dart (safe; 2% risk of failure)
Press: ? - help, Q - select action, (/) - cycle Shift-Dir - straight line, f/p - Terence
Aim: Terence, wielding a +0 short sword and wearing a +0 chain mail (lightly wounded, 100% to hit)
The magic dart hits Terence but does no damage.
Terence is lightly wounded.
Terence hits you with a +0 short sword!
* * * LOW HITPOINT WARNING * * *
Aiming: Magic Dart (safe; 2% risk of failure)
Press: ? - help, Q - select action, (/) - cycle Shift-Dir - straight line, f/p - Terence
Aim: Terence, wielding a +0 short sword and wearing a +0 chain mail (lightly wounded, 100% to hit)
The magic dart hits Terence but does no damage.
Terence is lightly wounded.
Terence hits you with a +0 short sword.
You die...

#.#####.##..# #.# #.#
#.##..###.####
#.#####.##.........#
#.#####.#..........##.##.#
#.....................##.####
#######(..####.##.<#....(...#
##..# #.##..#.###.##.#
######..####.##..#.###.##.#
...........@@..........รท##.##
#######...........#.##.....w.
#...........#.##.###.##
#..#...........#.# #.#
#..#.##.##..#..#.# #.#
#.[#.##.##..#..#.# #.#
#..#.##.##..#..#.# #..
#..#.##..........# ###
#....####.####.###


You could see Terence.

Vanquished Creatures
  2 ball pythons (D:1)
  2 endoplasms (D:1)
  A giant cockroach (D:1)
  6 hobgoblins
  A bat (D:1)
  2 frilled lizards (D:2)
  2 kobolds (D:2)
  2 rats
18 creatures vanquished.

Notes
Turn   | Place    | Note
-------+----------+-------------------------------------------
     0 | D:1      | siradein the Draconian Conjurer began the quest for the
                  | Orb.
     0 | D:1      | Reached XP level 1. HP: 14/14 MP: 3/3
   551 | D:1      | Reached XP level 2. HP: 20/20 MP: 1/5
   899 | D:2      | Found a faded altar of an unknown god.
  1179 | D:2      | Noticed Terence
  1322 | D:2      | Slain by Terence

Illustrated notes

Levels and vault maps discovered:
D:1:      amcnicky_arrival_choice, layout_basic, chequers_serial_rivers_small_a,
          solitary_fountain
D:2:      layout_loops_ring, shapermc_ecumenical_altar_starsandcircs,
          uniq_terence

Action                   || total
-------------------------++-------
 Cast: Magic Dart        ||    55
Armor: Skin              ||    10
Dodge: Dodged            ||     7
Block: Other             ||     5

Table legend: (Time is in decaauts)
 A = Elapsed time spent in this place.
 B = Non-inter-level travel time spent in this place.
 C = Inter-level travel time spent in this place.
 D = Time resting spent in this place.
 E = Time spent auto-exploring this place.
 F = Levels seen in this place.
 G = Mean time per level.
                   A        B        C        D        E       F      G
               +--------+--------+--------+--------+--------+-----+--------+
         Total |   1323 |   1306 |     17 |     23 |    958 |   2 |  661.5 |
       Dungeon |   1323 |   1306 |     17 |     23 |    958 |   2 |  661.5 |
               +--------+--------+--------+--------+--------+-----+--------+

Top non-repeatable levels by time:
     D:1: 770 daAuts
     D:2: 552 daAuts
